 Dungeon Crawl Stone Soup version 0.30.1-4-g462c640d31 (webtiles) character file.

Game seed: 13064626067893023791

3 Almogavar the Conjurer (level 1, -1/13 HPs)
             Began as a Human Conjurer on Sept 7, 2023.
             Slain by a kobold
             ... wielding a +0 short sword
              (2 damage)
             ... on level 1 of the Dungeon.
             The game lasted 00:00:40 (49 turns).

Almogavar the Conjurer (Human Conjurer)               Turns: 49, Time: 00:00:40

Health: -1/13      AC:  2    Str:  7    XL:     1   Next: 55%
Magic:  1/3        EV: 12    Int: 18    God:
Gold:   0          SH:  0    Dex: 11    Spells: 3/4 levels left

rFire   . . .        c - +1 spear (venom)
rCold   . . .        (no shield)
rNeg    . . .        a - +0 robe
rPois   .            (no helmet)
rElec   .            (no cloak)
rCorr   .            (no gloves)
SInv    .            (no boots)
Will    .....        (no amulet)
Stlth   ++           (no ring)
HPRegen 0.22/turn    (no ring)
MPRegen 0.08/turn

%: no passive effects
@: no status effects
A: no striking features
a: no special abilities


You were on level 1 of the Dungeon.
You visited 1 branch of the dungeon, and saw 1 of its levels.

Inventory:

Hand Weapons
 c - a +1 spear of venom (weapon)
Armour
 a - a +0 robe (worn)
Potions
 b - a potion of magic


   Skills:
 + Level 2.0 Dodging
 + Level 2.0 Stealth
 + Level 2.0 Spellcasting
 + Level 4.1 Conjurations


You had 3 spell levels left.
You knew the following spells:

 Your Spells              Type           Power      Damage    Failure   Level
a - Magic Dart            Conj           64%        1d6       3%          1

Your spell library contained the following spells:

 Spells                   Type           Power      Damage    Failure   Level
 Searing Ray              Conj           32%        2d5       4%          2
 Dazzling Flash           Conj/Hex       18%        N/A       22%         3
 Fulminant Prism          Conj/Hex       4%         3d5       58%         4
 Iskenderun's Mystic Bla  Conj/Tloc      9%         2d4       58%         4


Dungeon Overview and Level Annotations

Branches:
Dungeon (1/15)

Altars:


Message History

A goblin comes into view. It is wielding a +0 club.
The goblin shouts!
Found 3 gold pieces.
A kobold comes into view. It is wielding a +0 short sword.
A giant cockroach comes into view.
You see here a +1 spear of venom.
c - a +1 spear of venom
Casting: Magic Dart (safe; 3% risk of failure)
Confirm with . or Enter, or press ? or * to list all spells.
Aiming: Magic Dart (safe; 3% risk of failure)
Press: ? - help, Shift-Dir - straight line, f/p - dart slug
Aim: a dart slug (severely wounded, 100% to hit)
The magic dart hits the dart slug.
The dart slug is almost dead.
The kobold shouts!
The dart slug launches a dart at you. The slug dart hits you.
Your +1 spear of venom begins to drip with poison!
c - a +1 spear of venom (weapon)
You hit the dart slug.
You kill the dart slug!
You see here a dart slug corpse.
An endoplasm comes into view.
You barely miss the goblin. The goblin closely misses you.
You barely miss the giant cockroach. The goblin barely misses you.
The giant cockroach barely misses you. The goblin attacks as you move away!
The goblin hits you with a +0 club. The giant cockroach barely misses you.
The giant cockroach attacks as you move away!
The giant cockroach bites you but does no damage.
The kobold attacks as you move away!
The kobold hits you with a +0 short sword.
The kobold attacks as you move away! The kobold hits you but does no damage.
You closely miss the kobold.
The kobold hits you with a +0 short sword.
You closely miss the kobold.
The kobold hits you with a +0 short sword.
* * * LOW HITPOINT WARNING * * *
The kobold hits you with a +0 short sword.
You die...

##########
#<.......#
#.######.# #.#
.. #.#### #.#
...#....#
#.#.c.)#..#.#
#.#....#..#.#
#.######....#
#.........#@#
##.....##K#
########g###
####.BJ.#
##.......##
##.........####
#..............
#.............#
#..........##..


You could see a centaur (asleep), an endoplasm, a giant cockroach, a goblin and
a kobold.

Vanquished Creatures
  A dart slug (D:1)
  A frilled lizard (D:1)
2 creatures vanquished.

Notes
Turn   | Place    | Note
-------+----------+-------------------------------------------
     0 | D:1      | Almogavar the Human Conjurer began the quest for the Orb.
     0 | D:1      | Reached XP level 1. HP: 13/13 MP: 3/3
     9 | D:1      | Noticed a centaur
    49 | D:1      | Slain by a kobold

Illustrated notes

Levels and vault maps discovered:
D:1:      evilmike_arrival_come_back, layout_rooms

Action                     || total
---------------------------++-------
  Melee: Spear             ||     5
   Cast: Magic Dart        ||     4
 Armour: Robe              ||     2
  Dodge: Dodged            ||     4
